 Dungeon Crawl Stone Soup version 0.28-a0-95-g65e1ffefe4 (webtiles) character file.

Game seed: 17083176859932428710

32 lemonriz the Sneak (level 3, -3/31 HPs)
             Began as a Palentonga Delver on Aug 9, 2021.
             Killed by nerve-wracking pain
             ... invoked by an orc priest
              (10 damage)
             ... on level 5 of the Dungeon.
             The game lasted 00:01:39 (128 turns).

lemonriz the Sneak (Palentonga Delver)               Turns: 128, Time: 00:01:40

Health: -3/31      AC:  4    Str: 16    XL:     3   Next: 8%
Magic:  3/3        EV:  9    Int: 10    God:
Gold:   22         SH:  0    Dex: 11    Spells: 2/2 levels left

rFire   . . .      SeeInvis +   a - +0 falchion
rCold   . . .      Faith    .   (no shield)
rNeg    . . .      Spirit   .   b - +0 leather armour
rPois   .          Reflect  .   (no helmet)
rElec   .          Harm     .   (no cloak)
rCorr   .          Rampage  .   (no gloves)
Will    .....                   (no barding)
Stlth   ++........              (no amulet)
HPRegen 0.10/turn               (no ring)
MPRegen 0.08/turn               (no ring)

@: no status effects
A: large, rugged brown scales 3, see invisible, deformed body, roll 1, armoured
tail
a: Rolling Charge


You were on level 5 of the Dungeon.
You visited 1 branch of the dungeon, and saw 1 of its levels.

You collected 22 gold pieces.

Inventory:

Hand Weapons
 a - a +0 falchion (weapon)
Armour
 b - a +0 leather armour (worn)
Magical Staves
 i - a staff of fire
Jewellery
 h - an amulet of the acrobat
Wands
 g - a wand of digging (3)
Scrolls
 c - a scroll of fog
 d - a scroll of magic mapping
 e - a scroll of fear
 j - a scroll of silence {unknown}
Potions
 f - a potion of haste


   Skills:
 + Level 3.2 Fighting
 * Level 2.7 Long Blades
 + Level 0.8 Armour
 + Level 1.9 Dodging
 - Level 3.3 Stealth


You had 2 spell levels left.
You didn't know any spells.
Your spell library contained the following spells:

 Spells                   Type           Power      Damage    Failure   Level
 Slow                     Hex            0%         N/A       56%         2
 Confusing Touch          Hex            0%         N/A       80%         3
 Gell's Gravitas          Tloc           0%         N/A       80%         3
 Lesser Beckoning         Tloc           0%         N/A       80%         3
 Teleport Other           Tloc           0%         N/A       80%         3
 Yara's Violent Unravell  Hex/Tmut       0%         3d3       100%        5


Dungeon Overview and Level Annotations

Branches:
Dungeon (5/15)
 Temple: D:4-7

Altars:


Innate Abilities, Weirdness & Mutations

You are completely covered in rugged brown scales. (AC +3, +7% HP)
You have supernaturally acute eyesight. (SInv)
Armour fits poorly on your strangely shaped body.
You can roll at nearby foes to attack.
You have a long armoured tail.


Message History

You hit the centaur zombie. You tail-slap the centaur zombie.
The centaur zombie is almost destroyed.
The centaur zombie barely misses you. The centaur zombie closely misses you.
The centaur zombie hits you.
* * * LOW HITPOINT WARNING * * *
The centaur zombie kicks you but does no damage.
Okay, then.
The centaur zombie hits you.
* * * LOW HITPOINT WARNING * * *
The centaur zombie kicks you but does no damage.
Hit: a) +0 falchion
Press: ? - help, Dir - move target, f - centaur zombie
Aim: a centaur zombie (almost destroyed, about 11% to evade your +0 falchion)
You hit the centaur zombie.
You destroy the centaur zombie!
You have reached level 2!
You have reached level 3!
Your experience leads to an increase in your attributes!
Increase (S)trength, (I)ntelligence, or (D)exterity?
You feel stronger.
j - a scroll labelled DATTEO OM FEUW You pick up a book of Displacement and begin reading...
You add the spells Lesser Beckoning, Gell's Gravitas and Teleport Other to your library.
An orc priest comes into view. It is wielding a +0 dagger.
The orc priest shouts!
You hear a shout!
There's nothing you can charge at!
Roll where?
Press: ? - help, Dir - move target, f - orc priest
Aim: an orc priest, wielding a +0 dagger and wearing a +0 chain mail You roll forward with a clatter of scales!
You hit the orc priest but do no damage.
You hear a shout! x2
An orc comes into view. It is wielding a +0 dagger.
An orc wizard comes into view. It is wielding a +0 dagger.
The orc priest hits you with a +0 dagger.
* * * LOW HITPOINT WARNING * * *
You closely miss the orc priest.
The orc priest calls down the wrath of Beogh upon you.
Pain shoots through your body!
You die...

.....# #O# #.....# #.#.#
#o.o..# #.#.# #.....# #.#.#
#.....# #.#.#
############.....####.#.#
#.................>##.#.#####
#.....).....o......##.#[.....
#.....(.....@................
#...........°.##.#.##........
##########.......#.##########
#.#######.# #.........#
###########


You could see an orc priest, an orc wizard and an orc.

Vanquished Creatures
  A centaur zombie (D:5)
1 creature vanquished.

Notes
Turn   | Place    | Note
-------+----------+-------------------------------------------
     0 | D:5      | lemonriz the Palentonga Delver began the quest for the Orb.
     0 | D:5      | Reached XP level 1. HP: 19/19 MP: 1/1
    25 | D:5      | Noticed a scorpion
    41 | D:5      | Noticed an iguana
    61 | D:5      | Noticed an ogre
   115 | D:5      | Reached XP level 2. HP: 6/25 MP: 2/2
   115 | D:5      | Reached XP level 3. HP: 8/31 MP: 3/3
   128 | D:5      | Killed from afar by an orc priest

Illustrated notes

Levels and vault maps discovered:
D:5:      layout_basic

Action                   || total
-------------------------++-------
Melee: Falchion          ||    11
       Tailslap          ||     4
 Abil: Rolling Charge    ||     1
Armor: Leather armour    ||     5
Dodge: Dodged            ||    10

Table legend: (Time is in decaauts)
 A = Elapsed time spent in this place.
 B = Non-inter-level travel time spent in this place.
 C = Inter-level travel time spent in this place.
 D = Time resting spent in this place.
 E = Time spent auto-exploring this place.
 F = Levels seen in this place.
 G = Mean time per level.
                   A        B        C        D        E       F      G
               +--------+--------+--------+--------+--------+-----+--------+
         Total |    130 |    130 |      0 |      0 |     13 |   1 |  130.0 |
       Dungeon |    130 |    130 |      0 |      0 |     13 |   1 |  130.0 |
               +--------+--------+--------+--------+--------+-----+--------+

Top non-repeatable levels by time:
     D:5: 130 daAuts
